| TOP OF THE 1ST |
|
Colorado Springs Sky Fox batting - Pitching for Tucson Tarantulas : LHP Chuck Finley
|
|
Pitching: LHP Chuck Finley
|
|
|
Batting: LHB Brent Brede
|
0-0: Foul Ball, location: 2F 0-1: Ball 1-1: Ball 2-1: Foul Ball, location: 2F 2-2: SINGLE (Line Drive, 5D, EV 96.9 MPH)
|
|
Batting: RHB Andujar Cedeno
|
0-0: Ball 1-0: Foul Ball, location: 2F 1-1: Ball 2-1: Called Strike 2-2: Foul Ball, location: 2F 2-2: Fly out, F7 (Flyball, 7LM, EV 84.4 MPH)
|
|
Batting: RHB Bruce Aven
|
0-0: Called Strike 0-1: Called Strike 0-2: Ball 1-2: Strikes out swinging
|
|
Batting: RHB Steve Pegues
|
0-0: Fly out, F8 (Flyball, 8LXD, EV 109.4 MPH)
|
| Top of the 1st over - 0 runs, 1 hit, 0 errors, 1 left on base; Colorado Springs 0 - Tucson 0 |
| BOTTOM OF THE 1ST |
|
Tucson Tarantulas batting - Pitching for Colorado Springs Sky Fox : LHP Frank Viola
|
|
Pitching: LHP Frank Viola
|
|
|
Batting: RHB Barry Wesson
|
0-0: Ball 1-0: Ball 2-0: Ball 3-0: Base on Balls
|
|
Batting: RHB Ray Holbert
|
0-0: Ball 1-0: Ball 2-0: Fly out, F9 (Flyball, 9S, EV 93.8 MPH)
|
|
Batting: SHB Bip Roberts
|
0-0: Called Strike 0-1: Ball Barry Wesson is caught stealing 2nd base 2-4 1-1: Ball 2-1: Ball 3-1: Ground out 4-3 (Groundball, 4, EV 105.0 MPH)
|
| Bottom of the 1st over - 0 runs, 0 hits, 0 errors, 0 left on base; Colorado Springs 0 - Tucson 0 |
| TOP OF THE 2ND |
|
Colorado Springs Sky Fox batting - Pitching for Tucson Tarantulas : LHP Chuck Finley
|
|
Batting: LHB David Dellucci
|
0-0: Foul Ball, location: 2F 0-1: Ball 1-1: Foul Ball, location: 2F 1-2: Ball 2-2: Strikes out swinging
|
|
Batting: RHB David Doster
|
0-0: Swinging Strike 0-1: Ball 1-1: Ball 2-1: Foul Ball, location: 2F 2-2: Foul Ball, location: 2F 2-2: Strikes out swinging
|
|
Batting: RHB Julio Mosquera
|
0-0: Swinging Strike 0-1: Ball 1-1: Ball 2-1: Foul Ball, location: 2F 2-2: Foul Ball, location: 2F 2-2: Strikes out swinging
|
| Top of the 2nd over - 0 runs, 0 hits, 0 errors, 0 left on base; Colorado Springs 0 - Tucson 0 |
| BOTTOM OF THE 2ND |
|
Tucson Tarantulas batting - Pitching for Colorado Springs Sky Fox : LHP Frank Viola
|
|
Batting: RHB Andres Galarraga
|
0-0: Ground out 5-3 (Groundball, 56, EV 80.0 MPH)
|
|
Batting: RHB Jack Voigt
|
0-0: Ball 1-0: SOLO HOME RUN (Flyball, 78XD, EV 94.4 MPH), Distance : 393 ft
|
|
Batting: SHB Matt Walbeck
|
0-0: Called Strike 0-1: Foul Ball, location: 2F 0-2: Foul Ball, location: 2F 0-2: Ball 1-2: DOUBLE (Line Drive, 89D, EV 110.0 MPH)
|
|
Batting: RHB Dave McCarty
|
0-0: Ball 1-0: Called Strike 1-1: Ball 2-1: Foul Ball, location: 2F 2-2: SINGLE (Groundball, 56D, EV 94.4 MPH) Matt Walbeck to third Runner from 3rd tries for Home, throw by LF and OUT! 7-2 Dave McCarty to second
|
|
Batting: SHB Hanley Frias
|
0-0: Fly out, F8 (Flyball, 89D, EV 81.9 MPH)
|
| Bottom of the 2nd over - 1 run, 3 hits, 0 errors, 1 left on base; Colorado Springs 0 - Tucson 1 |
| TOP OF THE 3RD |
|
Colorado Springs Sky Fox batting - Pitching for Tucson Tarantulas : LHP Chuck Finley
|
|
Batting: RHB Lou Collier
|
0-0: Called Strike 0-1: Foul Ball, location: 2F 0-2: Ball 1-2: Hit by Pitch
|
|
Batting: RHB Hiroki Kokubo
|
0-0: Ball 1-0: Foul Ball, location: 2F 1-1: Ball 2-1: Foul Ball, location: 2F 2-2: Strikes out swinging
|
|
Batting: LHB Brent Brede
|
0-0: Foul Ball, location: 2F 0-1: Swinging Strike 0-2: Foul Ball, location: 2F 0-2: Strikes out looking
|
|
Batting: RHB Andujar Cedeno
|
0-0: Called Strike 0-1: Ball 1-1: Ball 2-1: Ball 3-1: Base on Balls Lou Collier to second
|
|
Batting: RHB Bruce Aven
|
0-0: Foul Ball, location: 2F 0-1: Foul Ball, location: 2F 0-2: Foul Ball, location: 2F 0-2: Ball 1-2: Foul Ball, location: 2F 1-2: Ball 2-2: Strikes out swinging
|
| Top of the 3rd over - 0 runs, 0 hits, 0 errors, 2 left on base; Colorado Springs 0 - Tucson 1 |
| BOTTOM OF THE 3RD |
|
Tucson Tarantulas batting - Pitching for Colorado Springs Sky Fox : LHP Frank Viola
|
|
Batting: RHB Ralph Milliard
|
0-0: Ball 1-0: Ground out 5-3 (Groundball, 5S, EV 83.8 MPH)
|
|
Batting: RHB Barry Wesson
|
0-0: Swinging Strike 0-1: Called Strike 0-2: Foul Ball, location: 2F 0-2: Ball 1-2: Foul Ball, location: 2F 1-2: SINGLE (Groundball, 6S, EV 84.4 MPH) (infield hit)
|
|
Batting: RHB Ray Holbert
|
0-0: Ball 1-0: Called Strike 1-1: Ball 2-1: Fielders Choice at 2nd, 1-6 (Groundball, 34S, EV 85.6 MPH)
|
|
Batting: SHB Bip Roberts
|
0-0: Ball 1-0: Called Strike 1-1: Ball 2-1: Called Strike 2-2: Ball 3-2: Foul Ball, location: 2F 3-2: Fly out, F7 (Flyball, 7LD, EV 101.3 MPH)
|
| Bottom of the 3rd over - 0 runs, 1 hit, 0 errors, 1 left on base; Colorado Springs 0 - Tucson 1 |
| TOP OF THE 4TH |
|
Colorado Springs Sky Fox batting - Pitching for Tucson Tarantulas : LHP Chuck Finley
|
|
Batting: RHB Steve Pegues
|
0-0: Called Strike 0-1: Ground out 6-3 (Groundball, 6, EV 100.6 MPH)
|
|
Batting: LHB David Dellucci
|
0-0: Ball 1-0: Called Strike 1-1: Ball 2-1: Ball 3-1: Base on Balls
|
|
Batting: RHB David Doster
|
0-0: Called Strike 0-1: Swinging Strike 0-2: Strikes out swinging
|
|
Batting: RHB Julio Mosquera
|
0-0: Ball 1-0: Ball 2-0: Called Strike 2-1: Fly out, F7 (Flyball, 7LS, EV 80.0 MPH)
|
| Top of the 4th over - 0 runs, 0 hits, 0 errors, 1 left on base; Colorado Springs 0 - Tucson 1 |
| BOTTOM OF THE 4TH |
|
Tucson Tarantulas batting - Pitching for Colorado Springs Sky Fox : LHP Frank Viola
|
|
Batting: RHB Andres Galarraga
|
0-0: SINGLE (Line Drive, 78M, EV 106.3 MPH)
|
|
Batting: RHB Jack Voigt
|
0-0: SINGLE (Groundball, 4D, EV 101.3 MPH) Andres Galarraga to second Runner from 2nd tries for 3rd, SAFE, throw by RF made to third
|
|
Batting: SHB Matt Walbeck
|
0-0: Foul Ball, location: 2F 0-1: Grounds into double play, 5-4-3 (Groundball, 56S, EV 78.8 MPH) Andres Galarraga scores
|
|
Batting: RHB Dave McCarty
|
0-0: Ground out 6-3 (Groundball, 6M, EV 81.9 MPH)
|
| Bottom of the 4th over - 1 run, 2 hits, 0 errors, 0 left on base; Colorado Springs 0 - Tucson 2 |
| TOP OF THE 5TH |
|
Colorado Springs Sky Fox batting - Pitching for Tucson Tarantulas : LHP Chuck Finley
|
|
Batting: RHB Lou Collier
|
0-0: Called Strike 0-1: Ball 1-1: Ground out 6-3 (Groundball, 6, EV 78.1 MPH)
|
|
Batting: RHB Hiroki Kokubo
|
0-0: Ball 1-0: Ball 2-0: Ball 3-0: Base on Balls
|
|
Batting: LHB Brent Brede
|
0-0: Ball 1-0: Ball 2-0: Foul Ball, location: 2F 2-1: SINGLE (Line Drive, 7S, EV 91.9 MPH) Hiroki Kokubo to second
|
|
Batting: RHB Andujar Cedeno
|
0-0: SINGLE (Flyball, 7S, EV 88.1 MPH) Hiroki Kokubo to third Brent Brede to second Runner from 3rd tries for Home, SAFE, no throw by LF
|
|
Batting: RHB Bruce Aven
|
0-0: Swinging Strike 0-1: Ball 1-1: Ball 2-1: Ball 3-1: Foul Ball, location: 2F 3-2: Strikes out swinging
|
|
Batting: RHB Steve Pegues
|
0-0: Ball 1-0: Fly out, F7 (Flyball, 78M, EV 98.8 MPH)
|
| Top of the 5th over - 1 run, 2 hits, 0 errors, 2 left on base; Colorado Springs 1 - Tucson 2 |
| BOTTOM OF THE 5TH |
|
Tucson Tarantulas batting - Pitching for Colorado Springs Sky Fox : LHP Frank Viola
|
|
Batting: SHB Hanley Frias
|
0-0: Called Strike 0-1: Foul Ball, location: 2F 0-2: Ground out 2-3 (Groundball, 15S, EV 65.6 MPH)
|
|
Batting: RHB Ralph Milliard
|
0-0: Called Strike 0-1: Ground out 6-3 (Groundball, 6, EV 86.9 MPH)
|
|
Batting: RHB Barry Wesson
|
0-0: Ball 1-0: Called Strike 1-1: Foul Ball, location: 2F 1-2: Ball 2-2: Foul Ball, location: 2F 2-2: Ball 3-2: Base on Balls
|
|
Batting: RHB Ray Holbert
|
0-0: Called Strike Barry Wesson steals 2nd base 0-1: Foul Ball, location: 2F 0-2: Strikes out looking
|
| Bottom of the 5th over - 0 runs, 0 hits, 0 errors, 1 left on base; Colorado Springs 1 - Tucson 2 |
| TOP OF THE 6TH |
|
Colorado Springs Sky Fox batting - Pitching for Tucson Tarantulas : LHP Chuck Finley
|
|
Batting: LHB David Dellucci
|
0-0: Ball 1-0: Foul Ball, location: 2F 1-1: Called Strike 1-2: Ball 2-2: Strikes out looking
|
|
Batting: RHB David Doster
|
0-0: Ball 1-0: Called Strike 1-1: Ball 2-1: Fly out, F8 (Flyball, 8RS, EV 98.1 MPH)
|
|
Batting: RHB Julio Mosquera
|
0-0: Ball 1-0: Ball 2-0: Foul Ball, location: 2F 2-1: Swinging Strike 2-2: Fly out, F5 (Popup, 5SF, EV 81.3 MPH)
|
| Top of the 6th over - 0 runs, 0 hits, 0 errors, 0 left on base; Colorado Springs 1 - Tucson 2 |
| BOTTOM OF THE 6TH |
|
Tucson Tarantulas batting - Pitching for Colorado Springs Sky Fox : LHP Frank Viola
|
|
Batting: SHB Bip Roberts
|
0-0: Ball 1-0: Called Strike 1-1: SINGLE (Line Drive, 78M, EV 98.1 MPH)
|
|
Batting: RHB Andres Galarraga
|
0-0: Ball 1-0: SINGLE (Line Drive, 56, EV 98.8 MPH) Bip Roberts to second
|
|
Batting: RHB Jack Voigt
|
0-0: Ball 1-0: Ball 2-0: Foul Ball, location: 2F 2-1: SINGLE (Line Drive, 9S, EV 106.3 MPH) Bip Roberts to third Andres Galarraga to second
|
|
Batting: SHB Matt Walbeck
|
0-0: DOUBLE (Flyball, 8RD, EV 91.3 MPH) Bip Roberts scores Andres Galarraga scores Jack Voigt to third
|
|
Batting: RHB Dave McCarty
|
0-0: Ground out 2-3 (Groundball, 13S, EV 71.9 MPH)
|
|
Batting: SHB Hanley Frias
|
0-0: Ball 1-0: Ball 2-0: Called Strike 2-1: Foul Ball, location: 2F 2-2: Foul Ball, location: 2F 2-2: Foul Ball, location: 2F 2-2: Ground out 5-3 (Groundball, 56S, EV 82.5 MPH) Jack Voigt scores
|
|
Batting: RHB Ralph Milliard
|
0-0: Ball 1-0: Ball 2-0: Ball 3-0: Called Strike 3-1: Ground out 6-3 (Groundball, 6, EV 85.6 MPH)
|
| Bottom of the 6th over - 3 runs, 4 hits, 0 errors, 1 left on base; Colorado Springs 1 - Tucson 5 |
| TOP OF THE 7TH |
|
Colorado Springs Sky Fox batting - Pitching for Tucson Tarantulas : LHP Chuck Finley
|
|
Pitching: RHP Jaime Bluma
|
|
|
Batting: RHB Lou Collier
|
0-0: Ball 1-0: SOLO HOME RUN (Flyball, 7LD, EV 112.5 MPH), Distance : 341 ft
|
|
Batting: RHB Hiroki Kokubo
|
0-0: Foul Ball, location: 2F 0-1: Ball 1-1: Ball 2-1: Ball 3-1: Called Strike 3-2: Base on Balls
|
|
Batting: LHB Brent Brede
|
0-0: Ball 1-0: TRIPLE (Line Drive, 89XD, EV 103.1 MPH) Hiroki Kokubo scores
|
|
Batting: RHB Andujar Cedeno
|
0-0: Called Strike 0-1: Called Strike 0-2: Fly out, F3 (Popup, 3, EV 60.6 MPH)
|
|
Batting: RHB Bruce Aven
|
0-0: Called Strike 0-1: Ball 1-1: DOUBLE (Flyball, 78XD, EV 95.6 MPH) Brent Brede scores
|
|
Pitching: RHP Jeff Shaw
|
|
|
Batting: RHB Steve Pegues
|
0-0: Ball 1-0: Ball 2-0: Called Strike 2-1: Swinging Strike 2-2: Strikes out swinging
|
|
Batting: LHB David Dellucci
|
0-0: Called Strike 0-1: Foul Ball, location: 2F 0-2: Strikes out swinging
|
| Top of the 7th over - 3 runs, 3 hits, 0 errors, 1 left on base; Colorado Springs 4 - Tucson 5 |
| BOTTOM OF THE 7TH |
|
Tucson Tarantulas batting - Pitching for Colorado Springs Sky Fox : LHP Frank Viola
|
|
Pitching: RHP Curtis King
|
|
|
Batting: RHB Barry Wesson
|
0-0: Ball 1-0: Ball 2-0: Foul Ball, location: 2F 2-1: Ground out 6-3 (Groundball, 6M, EV 93.1 MPH)
|
|
Batting: RHB Ray Holbert
|
0-0: Ball 1-0: Called Strike 1-1: Ball 2-1: Swinging Strike 2-2: Ground out 6-3 (Groundball, 56, EV 86.3 MPH)
|
|
Batting: SHB Bip Roberts
|
0-0: Called Strike 0-1: Foul Ball, location: 2F 0-2: Fly out, F6 (Popup, 6M, EV 70.0 MPH)
|
| Bottom of the 7th over - 0 runs, 0 hits, 0 errors, 0 left on base; Colorado Springs 4 - Tucson 5 |
| TOP OF THE 8TH |
|
Colorado Springs Sky Fox batting - Pitching for Tucson Tarantulas : RHP Jeff Shaw
|
|
Batting: RHB David Doster
|
0-0: Called Strike 0-1: Swinging Strike 0-2: Foul Ball, location: 2F 0-2: Ball 1-2: Strikes out swinging
|
|
Batting: RHB Julio Mosquera
|
0-0: Ground out 1-3 (Groundball, 15, EV 81.3 MPH)
|
|
Batting: RHB Lou Collier
|
0-0: Ball 1-0: Ball 2-0: Ball 3-0: Called Strike 3-1: SINGLE (Flyball, 9LM, EV 93.1 MPH)
|
|
Pitching: RHP Tim VanEgmond
|
|
|
Batting: RHB Hiroki Kokubo
|
0-0: Fly out, F9 (Line Drive, 9, EV 90.0 MPH)
|
| Top of the 8th over - 0 runs, 1 hit, 0 errors, 1 left on base; Colorado Springs 4 - Tucson 5 |
| BOTTOM OF THE 8TH |
|
Tucson Tarantulas batting - Pitching for Colorado Springs Sky Fox : RHP Curtis King
|
|
Batting: RHB Andres Galarraga
|
0-0: Ball 1-0: Ball 2-0: SINGLE (Line Drive, 6D, EV 101.9 MPH)
|
|
Batting: RHB Jack Voigt
|
0-0: Ball 1-0: Foul Ball, location: 2F 1-1: Called Strike 1-2: Ground out U3 (Groundball, 3, EV 83.8 MPH) Andres Galarraga to second
|
|
Batting: SHB Matt Walbeck
|
0-0: Ground out 4-3 (Groundball, 4S, EV 86.3 MPH) Andres Galarraga to third
|
|
Batting: RHB Dave McCarty
|
0-0: Ball 1-0: Foul Ball, location: 2F 1-1: Ground out 5-3 (Groundball, 56, EV 84.4 MPH)
|
| Bottom of the 8th over - 0 runs, 1 hit, 0 errors, 1 left on base; Colorado Springs 4 - Tucson 5 |
| TOP OF THE 9TH |
|
Colorado Springs Sky Fox batting - Pitching for Tucson Tarantulas : RHP Tim VanEgmond
|
|
Pitching: RHP Keith Foulke
|
|
|
Now in LF: Todd Dunn
|
|
|
Batting: LHB Brent Brede
|
0-0: Ball 1-0: Ball 2-0: Called Strike 2-1: Ball 3-1: Base on Balls
|
|
Batting: RHB Andujar Cedeno
|
0-0: Ball 1-0: Called Strike 1-1: Ball 2-1: Fly out, F8 (Flyball, 8RS, EV 91.3 MPH)
|
|
Batting: RHB Bruce Aven
|
0-0: Swinging Strike 0-1: Ball 1-1: Foul Ball, location: 2F 1-2: Ball 2-2: Ball 3-2: SINGLE (Groundball, 56D, EV 95.0 MPH) Brent Brede to second
|
|
Batting: RHB Steve Pegues
|
0-0: Called Strike 0-1: Foul Ball, location: 2F 0-2: Grounds out, U3 (Groundball, 3L, EV 102.5 MPH) Brent Brede to third
|
|
Batting: LHB David Dellucci
|
0-0: Intentional Walk
|
|
Batting: RHB David Doster
|
0-0: Called Strike 0-1: Ball 1-1: SINGLE (Line Drive, 89M, EV 100.0 MPH) Brent Brede scores Bruce Aven to third David Dellucci to second Runner from 3rd tries for Home, SAFE, throw by RF to home
|
|
Batting: RHB Julio Mosquera
|
0-0: Foul Ball, location: 2F 0-1: DOUBLE (Flyball, 8LXD, EV 94.4 MPH) David Dellucci scores David Doster to third Runner from 3rd tries for Home, SAFE, no throw by CF
|
|
Pitching: RHP James Baldwin
|
|
|
Batting: RHB Lou Collier
|
0-0: Ball 1-0: Called Strike 1-1: Ball 2-1: Ball 3-1: Foul Ball, location: 2F 3-2: Foul Ball, location: 2F 3-2: Base on Balls
|
|
Batting: RHB Hiroki Kokubo
|
0-0: SINGLE (Groundball, 56D, EV 81.9 MPH) (infield hit) Julio Mosquera to third Lou Collier to second
|
|
Batting: LHB Brent Brede
|
0-0: Ball 1-0: Ball 2-0: Ball 3-0: Base on Balls Julio Mosquera scores Lou Collier to third Hiroki Kokubo to second
|
|
Batting: RHB Andujar Cedeno
|
0-0: Called Strike 0-1: Ball 1-1: Ball 2-1: Ball 3-1: SINGLE (Line Drive, 8LS, EV 103.1 MPH) Lou Collier scores Hiroki Kokubo to third Brent Brede to second Runner from 3rd tries for Home, SAFE, throw by CF to home
|
|
Batting: RHB Bruce Aven
|
0-0: Called Strike 0-1: SINGLE (Flyball, 9S, EV 81.3 MPH) Brent Brede to third Andujar Cedeno to second Runner from 3rd tries for Home, SAFE, no throw by RF
|
|
Batting: RHB Steve Pegues
|
0-0: Ball 1-0: Fielders Choice at 2nd, 6-4 (Groundball, 6, EV 100.6 MPH)
|
| Top of the 9th over - 8 runs, 6 hits, 0 errors, 2 left on base; Colorado Springs 12 - Tucson 5 |
| BOTTOM OF THE 9TH |
|
Tucson Tarantulas batting - Pitching for Colorado Springs Sky Fox : RHP Curtis King
|
|
Batting: SHB Hanley Frias
|
0-0: Called Strike 0-1: Foul Ball, location: 2F 0-2: Fly out, F4 (Popup, 4M, EV 58.1 MPH)
|
|
Batting: RHB Ralph Milliard
|
0-0: Swinging Strike 0-1: Ball 1-1: Ball 2-1: Foul Ball, location: 2F 2-2: Ball 3-2: Base on Balls
|
|
Pitching: LHP Jeff Tabaka
|
|
|
Batting: RHB Barry Wesson
|
0-0: Called Strike 0-1: Ball 1-1: Foul Ball, location: 2F 1-2: Strikes out swinging
|
|
Batting: RHB Ray Holbert
|
0-0: Swinging Strike 0-1: Swinging Strike 0-2: Ball 1-2: Ball 2-2: Ball 3-2: Strikes out swinging
|
| Bottom of the 9th over - 0 runs, 0 hits, 0 errors, 1 left on base; Colorado Springs 12 - Tucson 5 |
|